 Dungeon Crawl Stone Soup version 0.30-a0-967-g9b59a09336 (webtiles) character file.

Game seed: 507464197328854449

219 Grim the Conjurer (level 5, -1/28 HPs)
             Began as a Deep Elf Conjurer on Mar 31, 2023.
             Slain by an orc
             ... wielding a +0 whip
              (5 damage)
             ... on level 2 of the Dungeon.
             The game lasted 00:03:10 (2285 turns).

Grim the Conjurer (Deep Elf Conjurer)               Turns: 2285, Time: 00:03:11

Health: -1/28      AC:  2    Str:  4    XL:     5   Next: 64%
Magic:  12/14      EV: 13    Int: 25    God:
Gold:   88         SH:  0    Dex: 19    Spells: 7/13 levels left

rFire   + . .      SeeInvis .    k - +1 scythe (protect)
rCold   . . .      Faith    .    (shield currently unavailable)
rNeg    . . .      Spirit   .    a - +0 robe
rPois   .          Reflect  .    (no helmet)
rElec   .          Rampage  .    l - scarf {+Inv}
rCorr   .                        (no gloves)
Will    .....                    (no boots)
Stlth   ++                       (no amulet)
HPRegen 0.24/turn                e - ring of protection from fire
MPRegen 0.14/turn                f - +6 ring of dexterity

@: no status effects
A: no striking features
a: Evoke Invisibility


You were on level 2 of the Dungeon.
You visited 1 branch of the dungeon, and saw 3 of its levels.

You collected 88 gold pieces.

Inventory:

Hand Weapons
 k - a +1 scythe of protection (weapon)
Armour
 a - a +0 robe (worn)
 l - a scarf of invisibility (worn)
Jewellery
 e - a ring of protection from fire (left hand)
 f - a +6 ring of dexterity (right hand)
Scrolls
 c - 2 scrolls of enchant armour {unknown}
 h - 2 scrolls of enchant weapon {unknown}
 i - 2 scrolls of fog {unknown}
 m - a scroll of summoning {unknown}
 n - a scroll of identify {unknown}
Potions
 b - a potion of magic
 d - 2 potions of curing {unknown}
 g - 2 potions of degeneration {unknown}
 j - a potion of might {unknown}


   Skills:
 - Level 2.4 Dodging
 - Level 2.4 Stealth
 + Level 4.9 Spellcasting
 * Level 6.5 Conjurations
 + Level 2.3 Hexes


You had 7 spell levels left.
You knew the following spells:

 Your Spells              Type           Power      Damage    Failure   Level
a - Magic Dart            Conj           100%       1d8       1%          1
b - Searing Ray           Conj           76%        2d7       1%          2
c - Dazzling Flash        Conj/Hex       56%        N/A       4%          3

Your spell library contained the following spells:

 Spells                   Type           Power      Damage    Failure   Level
 Fulminant Prism          Conj/Hex       14%        3d9       13%         4
 Iskenderun's Mystic Bla  Conj/Tloc      22%        2d6       22%         4
 Silence                  Hex/Air        6%         N/A       80%         5
 Agony                    Necr           6%         N/A       93%         5


Dungeon Overview and Level Annotations

Branches:
Dungeon (3/15)

Altars:
Uskayaw


Message History

Aim: an orc, wielding a +0 falchion (100% to hit)
The magic dart hits the orc.
The orc is lightly wounded.
The orc hits you but does no damage.
Aiming: Magic Dart (safe; 1% risk of failure)
Press: ? - help, Q - select action, (/) - cycle Shift-Dir - straight line, f/p - orc
Aim: an orc, wielding a +0 falchion (lightly wounded, 100% to hit)
The magic dart hits the orc!
You kill the orc!
Unknown command.
You start resting.
Magic restored.
You start resting.
HP restored.
You climb downwards.
You hear the sound of rushing water.
There is an entrance to a sewer on this level.
Hurry and find it before the portal rusts away!
An orc priest comes into view. It is wielding a +0 hand axe.
The orc hits you with a +0 whip.
The orc priest invokes the aid of Beogh against you.
Beogh smites you!
Ouch! That really hurt!
* * * LOW HITPOINT WARNING * * *
The orc priest miscasts a cantrip.
The orc hits you with a +0 whip.
* * * LOW HITPOINT WARNING * * *
There is a stone staircase leading up, spattered with blood here.
The orc closely misses you.
You climb upwards.
There is a stone staircase leading down here.
Casting: Magic Dart (safe; 1% risk of failure)
Confirm with . or Enter, or press ? or * to list all spells.
Aiming: Searing Ray (safe; 1% risk of failure)
Press: ? - help, Shift-Dir - straight line, f - orc
Aim: an orc, wielding a +0 whip (81% to hit)
The searing ray hits the orc.
The orc is moderately wounded. (Press . to maintain the ray.)
The orc hits you with a +0 whip.
You die...

......#.######..#
##.####.........#
......########.##
...##.#......#.#
#####.#.####.#.#
#.#.# #.#.###
#####.#.####.#...#
.............###o#
#####.#.####.# #@#
#.#.# #.# #.#
#.#.# #.# #.#
#.#.########.#
#.#........#.#
#.#######.##.# #.#
#.##.# #.# #.##.#
#####.# #.##.#


You could see an orc.

Vanquished Creatures
  Sigmund (D:2)
  3 adders (D:2)
  2 orcs (D:2)
  4 ball pythons (D:2)
  3 bats
  2 endoplasms
  A giant cockroach (D:2)
  3 goblins
  4 hobgoblins
  6 jackals (D:2)
  7 frilled lizards
  3 kobolds (D:1)
  3 rats (D:1)
42 creatures vanquished.

Notes
Turn   | Place    | Note
-------+----------+-------------------------------------------
     0 | D:1      | Grim the Deep Elf Conjurer began the quest for the Orb.
     0 | D:1      | Reached XP level 1. HP: 10/10 MP: 6/6
   244 | D:1      | Reached XP level 2. HP: 15/15 MP: 5/8
   906 | D:1      | Learned a level 2 spell: Searing Ray
  1013 | D:2      | Found a hide-covered altar of Uskayaw.
  1088 | D:2      | Reached skill level 5 in Conjurations
  1103 | D:2      | Reached XP level 3. HP: 19/19 MP: 7/10
  1557 | D:2      | Noticed Sigmund
  1616 | D:2      | Learned a level 3 spell: Dazzling Flash
  1627 | D:2      | Killed Sigmund
  1628 | D:2      | Reached skill level 6 in Conjurations
  1628 | D:2      | Reached XP level 4. HP: 19/24 MP: 6/12
  1628 | D:2      | Reached XP level 5. HP: 23/28 MP: 7/14
  2285 | D:2      | Slain by an orc

Illustrated notes

Levels and vault maps discovered:
D:1:      dpeg_arrival_court, layout_loops_ring
D:2:      layout_basic, basic_altar, uniq_sigmund
D:3:      layout_rooms, gup_sewer_entry_pipe, minmay_misc_feat_plants,
          uniq_terence, uniq_crazy_yiuf_cottage, uniq_ijyb

Skill      XL: |  1  2  3 |
---------------+----------+-----
Conjurations   | 5 6 |  6.5
Spellcasting   | 4 |  4.9
Hexes          | 2 |  2.3
Dodging        | |  2.4
Stealth        | |  2.4

Action                     |  1- 3 |  4- 6 || total
---------------------------+-------+-------++-------
   Cast: Magic Dart        |    50 |    10 ||    60
         Searing Ray       |     3 |     1 ||     4
 Armour: Robe              |       |     1 ||     1
  Dodge: Dodged            |     2 |     4 ||     6

Table legend: (Time is in decaauts)
 A = Elapsed time spent in this place.
 B = Non-inter-level travel time spent in this place.
 C = Inter-level travel time spent in this place.
 D = Time resting spent in this place.
 E = Time spent auto-exploring this place.
 F = Levels seen in this place.
 G = Mean time per level.
                   A        B        C        D        E       F      G
               +--------+--------+--------+--------+--------+-----+--------+
         Total |   2285 |   2208 |     77 |    267 |   1741 |   3 |  761.7 |
       Dungeon |   2285 |   2208 |     77 |    267 |   1741 |   3 |  761.7 |
               +--------+--------+--------+--------+--------+-----+--------+

Top non-repeatable levels by time:
     D:2: 1246 daAuts
     D:1: 1006 daAuts
     D:3: 32 daAuts
